NYP
STATEN ISLAND YANKEES @ TRI-CITY VALLEYCATS
04/22/2048
 
TOP OF THE 1ST
Staten Island Yankees batting - Pitching for Tri-City ValleyCats : RHP James Browning
Pitching: RHP James Browning
Batting: RHB Edite Leoni 0-0: Foul Ball, location: 2F
0-1: Ball
1-1: DOUBLE (Line Drive, 89D, EV 100.6 MPH)
Batting: RHB Jon Pierce 0-0: Swinging Strike
0-1: Ball
1-1: Ball
2-1: Swinging Strike
2-2: Ground out 6-3 (Groundball, 6, EV 81.2 MPH)
Batting: SHB Tadaaki Kondo 0-0: Ball
1-0: Foul Ball, location: 2F
1-1: Ball
2-1: Ball
3-1: Base on Balls
Batting: LHB Mike Schermerhorn 0-0: Called Strike
0-1: SINGLE (Groundball, 34D, EV 105.6 MPH)
Edite Leoni to third
Tadaaki Kondo to second
Batting: SHB Adam Slade 0-0: Swinging Strike
0-1: Called Strike
0-2: Strikes out looking
Batting: RHB Matt Thompson 0-0: Ball
1-0: Ball
2-0: Called Strike
2-1: Ball
3-1: Foul Ball, location: 2F
3-2: Base on Balls
Edite Leoni scores
Tadaaki Kondo to third
Mike Schermerhorn to second
Batting: RHB Jesus Ruiz 0-0: Swinging Strike
0-1: Ball
1-1: Called Strike
1-2: Foul Ball, location: 2F
1-2: Ball
2-2: Strikes out swinging
Top of the 1st over - 1 run, 2 hits, 0 errors, 3 left on base; Staten Island 1 - Tri-City 0
BOTTOM OF THE 1ST
Tri-City ValleyCats batting - Pitching for Staten Island Yankees : RHP Ben Cunningham
Pitching: RHP Ben Cunningham
Batting: RHB Kieron Clark 0-0: DOUBLE (Flyball, 78D, EV 101.2 MPH)
Batting: LHB Omar Marquez 0-0: Ground out 6-3 (Groundball, 6, EV 77.5 MPH)
Batting: LHB Bruce Arvizu 0-0: Called Strike
0-1: Ball
Wild Pitch!
Kieron Clark to third
1-1: Swinging Strike
1-2: Foul Ball, location: 2F
1-2: Foul Ball, location: 2F
1-2: Ball
2-2: Strikes out swinging
Batting: RHB Erik Smith 0-0: Ball
1-0: Ball
2-0: Ball
3-0: Called Strike
3-1: Fly out, F7 (Line Drive, 7, EV 108.1 MPH)
Bottom of the 1st over - 0 runs, 1 hit, 0 errors, 1 left on base; Staten Island 1 - Tri-City 0
TOP OF THE 2ND
Staten Island Yankees batting - Pitching for Tri-City ValleyCats : RHP James Browning
Batting: RHB Danny Ayala 0-0: Ball
1-0: Ground out 6-3 (Groundball, 6, EV 78.1 MPH)
Batting: LHB Danny de Leon 0-0: Swinging Strike
0-1: Swinging Strike
0-2: Strikes out swinging
Batting: RHB Edite Leoni 0-0: Called Strike
0-1: Ball
1-1: Foul Ball, location: 2F
1-2: Strikes out swinging
Top of the 2nd over - 0 runs, 0 hits, 0 errors, 0 left on base; Staten Island 1 - Tri-City 0
BOTTOM OF THE 2ND
Tri-City ValleyCats batting - Pitching for Staten Island Yankees : RHP Ben Cunningham
Batting: LHB Bob Govella 0-0: SINGLE (Groundball, 56D, EV 102.5 MPH)
Batting: RHB Alex Campos 0-0: Ball
Bob Govella is caught stealing 2nd base 2-4
1-0: Ball
2-0: DOUBLE (Line Drive, 89XD, EV 100.6 MPH)
Batting: SHB Sean Hill 0-0: Swinging Strike
0-1: Called Strike
0-2: Ball
1-2: Foul Ball, location: 2F
1-2: Foul Ball, location: 2F
1-2: Foul Ball, location: 2F
1-2: Ball
2-2: Foul Ball, location: 2F
2-2: Ball
Wild Pitch!
Alex Campos to third
3-2: Foul Ball, location: 2F
3-2: DOUBLE (Flyball, 8RD, EV 96.2 MPH)
Alex Campos scores
Batting: RHB J.R. Roberts 0-0: Called Strike
0-1: Ball
1-1: Ball
2-1: Ball
3-1: Base on Balls
Batting: RHB Jamie Youngs 0-0: Foul Ball, location: 2F
0-1: Ball
1-1: Ball
2-1: Ball
3-1: Fielders Choice at 2nd, 5-4 (Groundball, 56, EV 102.5 MPH)
Sean Hill to third
Batting: RHB Kieron Clark 0-0: Ball
Wild Pitch!
Sean Hill scores
Jamie Youngs to second
1-0: Ball
2-0: Called Strike
2-1: Foul Ball, location: 2F
2-2: Ball
3-2: Foul Ball, location: 2F
3-2: Foul Ball, location: 2F
3-2: Foul Ball, location: 2F
3-2: Strikes out looking
Bottom of the 2nd over - 2 runs, 3 hits, 0 errors, 1 left on base; Staten Island 1 - Tri-City 2
TOP OF THE 3RD
Staten Island Yankees batting - Pitching for Tri-City ValleyCats : RHP James Browning
Batting: RHB Jon Pierce 0-0: Ball
1-0: Ball
2-0: Ball
3-0: Called Strike
3-1: Base on Balls
Batting: SHB Tadaaki Kondo 0-0: Called Strike
0-1: Foul Ball, location: 2F
0-2: Foul Ball, location: 2F
0-2: Fielders Choice at 2nd, 3-6 (Groundball, 3, EV 84.4 MPH)
Batting: LHB Mike Schermerhorn 0-0: Ball
1-0: DOUBLE (Flyball, 8LXD, EV 106.9 MPH)
Tadaaki Kondo to third
Batting: SHB Adam Slade 0-0: Ground out 4-3 (Groundball, 34, EV 105.0 MPH)
Tadaaki Kondo scores
Mike Schermerhorn to third
Batting: RHB Matt Thompson 0-0: Ball
1-0: Ball
2-0: Ball
3-0: Called Strike
3-1: Called Strike
3-2: Foul Ball, location: 2F
3-2: Fly out, F9 (Line Drive, 9S, EV 98.1 MPH)
Top of the 3rd over - 1 run, 1 hit, 0 errors, 1 left on base; Staten Island 2 - Tri-City 2
BOTTOM OF THE 3RD
Tri-City ValleyCats batting - Pitching for Staten Island Yankees : RHP Ben Cunningham
Batting: LHB Omar Marquez 0-0: Ball
1-0: SOLO HOME RUN (Flyball, 9D, EV 96.9 MPH), Distance : 371 ft
Batting: LHB Bruce Arvizu 0-0: Ball
1-0: Foul Ball, location: 2F
1-1: Swinging Strike
1-2: Ball
2-2: Ground out 5-3 (Groundball, 56, EV 103.8 MPH)
Batting: RHB Erik Smith 0-0: Ball
1-0: DOUBLE (Flyball, 8LXD, EV 102.5 MPH)
Batting: LHB Bob Govella 0-0: Hit by Pitch
Batting: RHB Alex Campos 0-0: Ball
1-0: Ball
2-0: SINGLE (Groundball, 56D, EV 95.0 MPH)
Erik Smith to third
Bob Govella to second
Runner from 3rd tries for Home, SAFE, throw by LF to home
Batting: SHB Sean Hill 0-0: Ball
1-0: Called Strike
1-1: Ball
Wild Pitch!
Bob Govella to third
Alex Campos to second
2-1: Ball
3-1: SINGLE (Line Drive, 7S, EV 92.5 MPH)
Bob Govella scores
Alex Campos to third
Runner from 3rd tries for Home, SAFE, throw by LF to home
Sean Hill to second
Batting: RHB J.R. Roberts 0-0: Ball
1-0: Ground out 6-3 (Groundball, 6, EV 86.9 MPH)
Pitching: LHP Colin Scott
Batting: RHB Jamie Youngs 0-0: Ground out 5-3 (Groundball, 56, EV 87.5 MPH)
Bottom of the 3rd over - 4 runs, 4 hits, 0 errors, 1 left on base; Staten Island 2 - Tri-City 6
TOP OF THE 4TH
Staten Island Yankees batting - Pitching for Tri-City ValleyCats : RHP James Browning
Batting: RHB Jesus Ruiz 0-0: Called Strike
0-1: Called Strike
0-2: Ball
1-2: Ball
2-2: Fly out, F8 (Flyball, 8LS, EV 81.2 MPH)
Batting: RHB Danny Ayala 0-0: Ball
1-0: Foul Ball, location: 2F
1-1: Called Strike
1-2: Foul Ball, location: 2F
1-2: Strikes out swinging
Batting: LHB Danny de Leon 0-0: Ball
1-0: Fly out, F9 (Flyball, 89S, EV 87.5 MPH)
Top of the 4th over - 0 runs, 0 hits, 0 errors, 0 left on base; Staten Island 2 - Tri-City 6
BOTTOM OF THE 4TH
Tri-City ValleyCats batting - Pitching for Staten Island Yankees : LHP Colin Scott
Batting: RHB Kieron Clark 0-0: Called Strike
0-1: Called Strike
0-2: Ground out 2-3 (Groundball, 15S, EV 75.0 MPH)
Batting: LHB Omar Marquez 0-0: Ball
1-0: Called Strike
1-1: Swinging Strike
1-2: Foul Ball, location: 2F
1-2: Ball
2-2: Ball
3-2: Foul Ball, location: 2F
3-2: Strikes out swinging
Batting: LHB Bruce Arvizu 0-0: Ball
1-0: Foul Ball, location: 2F
1-1: Ball
2-1: Ball
3-1: SINGLE (Line Drive, 34D, EV 96.9 MPH)
Batting: RHB Erik Smith 0-0: Called Strike
Bruce Arvizu is caught stealing 2nd base 2-4
Bottom of the 4th over - 0 runs, 1 hit, 0 errors, 0 left on base; Staten Island 2 - Tri-City 6
TOP OF THE 5TH
Staten Island Yankees batting - Pitching for Tri-City ValleyCats : RHP James Browning
Batting: RHB Edite Leoni 0-0: Called Strike
0-1: Ground out 5-3 (Groundball, 5S, EV 91.9 MPH)
Batting: RHB Jon Pierce 0-0: Ball
1-0: Called Strike
1-1: Ball
2-1: Ground out 6-3 (Groundball, 6, EV 81.9 MPH)
Batting: SHB Tadaaki Kondo 0-0: Called Strike
0-1: Ball
1-1: Ball
2-1: Ball
3-1: Called Strike
3-2: Base on Balls
Batting: LHB Mike Schermerhorn 0-0: Called Strike
0-1: Foul Ball, location: 2F
0-2: Ball
1-2: Ball
2-2: Fly out, F5 (Popup, 56S, EV 71.2 MPH)
Top of the 5th over - 0 runs, 0 hits, 0 errors, 1 left on base; Staten Island 2 - Tri-City 6
BOTTOM OF THE 5TH
Tri-City ValleyCats batting - Pitching for Staten Island Yankees : LHP Colin Scott
Pitching: RHP Nick Peters
Batting: RHB Erik Smith 0-0: Called Strike
0-1: Ball
1-1: SINGLE (Line Drive, 34, EV 95.6 MPH)
Batting: LHB Bob Govella 0-0: SINGLE (Groundball, 5S, EV 71.9 MPH) (infield hit)
Erik Smith to second
Batting: RHB Alex Campos 0-0: Ball
1-0: Ball
2-0: Called Strike
2-1: Fielders Choice at 2nd, 4-6 (Groundball, 4, EV 82.5 MPH)
Erik Smith to third
Batting: SHB Sean Hill 0-0: Ball
1-0: Ball
2-0: Called Strike
2-1: Ball
3-1: Base on Balls
Alex Campos to second
Batting: RHB J.R. Roberts 0-0: Ball
1-0: Called Strike
1-1: Ball
2-1: Foul Ball, location: 2F
2-2: Foul Ball, location: 2F
2-2: Ball
3-2: SINGLE (Line Drive, 7S, EV 101.9 MPH)
Erik Smith scores
Alex Campos to third
Sean Hill to second
Pitching: RHP Nate LaCava
Batting: RHB Jamie Youngs 0-0: Foul Ball, location: 2F
0-1: Called Strike
0-2: Strikes out swinging
Batting: RHB Kieron Clark 0-0: Foul Ball, location: 2F
0-1: Ball
1-1: Ball
2-1: Swinging Strike
2-2: Ball
3-2: Base on Balls
Alex Campos scores
Sean Hill to third
J.R. Roberts to second
Batting: LHB Omar Marquez 0-0: SINGLE (Line Drive, 6M, EV 101.2 MPH)
Sean Hill scores
J.R. Roberts to third
Kieron Clark to second
Batting: LHB Bruce Arvizu 0-0: Foul Ball, location: 2F
0-1: Ball
1-1: Ball
2-1: Ball
3-1: Called Strike
3-2: Base on Balls
J.R. Roberts scores
Kieron Clark to third
Omar Marquez to second
Batting: RHB Erik Smith 0-0: Ball
1-0: Called Strike
1-1: Called Strike
1-2: Strikes out swinging
Bottom of the 5th over - 4 runs, 4 hits, 0 errors, 3 left on base; Staten Island 2 - Tri-City 10
TOP OF THE 6TH
Staten Island Yankees batting - Pitching for Tri-City ValleyCats : RHP James Browning
Pitching: LHP Ruben Rojas
Batting: SHB Adam Slade 0-0: Foul Ball, location: 2F
0-1: Swinging Strike
0-2: Strikes out swinging
Batting: RHB Matt Thompson 0-0: Called Strike
0-1: Called Strike
0-2: Ball
1-2: Foul Ball, location: 2F
1-2: Strikes out swinging
Batting: RHB Jesus Ruiz 0-0: Ball
1-0: Swinging Strike
1-1: Ball
2-1: Foul Ball, location: 2F
2-2: Strikes out swinging
Top of the 6th over - 0 runs, 0 hits, 0 errors, 0 left on base; Staten Island 2 - Tri-City 10
BOTTOM OF THE 6TH
Tri-City ValleyCats batting - Pitching for Staten Island Yankees : RHP Nate LaCava
Batting: LHB Bob Govella 0-0: Called Strike
0-1: Ground out U3 (Groundball, 13, EV 81.9 MPH)
Batting: RHB Alex Campos 0-0: Ball
1-0: Ground out 6-3 (Groundball, 6S, EV 68.8 MPH)
Batting: SHB Sean Hill 0-0: Ball
1-0: Ball
2-0: SINGLE (Groundball, 4MD, EV 96.2 MPH)
Batting: RHB J.R. Roberts 0-0: Called Strike
0-1: Ground out 1-3 (Groundball, 34S, EV 70.0 MPH)
Bottom of the 6th over - 0 runs, 1 hit, 0 errors, 1 left on base; Staten Island 2 - Tri-City 10
TOP OF THE 7TH
Staten Island Yankees batting - Pitching for Tri-City ValleyCats : LHP Ruben Rojas
Batting: RHB Danny Ayala 0-0: Swinging Strike
0-1: Ball
1-1: Foul Ball, location: 2F
1-2: Ball
2-2: Strikes out swinging
Pinch Hitting: RHB Pat Pemberton 0-0: Called Strike
0-1: Foul Ball, location: 2F
0-2: Strikes out swinging, 2-3 out at first.
Batting: RHB Edite Leoni 0-0: Called Strike
0-1: Foul Ball, location: 2F
0-2: Ball
1-2: Ball
2-2: Ball
3-2: Foul Ball, location: 2F
3-2: Strikes out swinging
Top of the 7th over - 0 runs, 0 hits, 0 errors, 0 left on base; Staten Island 2 - Tri-City 10
BOTTOM OF THE 7TH
Tri-City ValleyCats batting - Pitching for Staten Island Yankees : RHP Nate LaCava
Now at 2B: Pat Pemberton
Now in LF: Matt Thompson
Now in RF: Jon Pierce
Batting: RHB Jamie Youngs 0-0: Ball
1-0: Ball
2-0: Foul Ball, location: 2F
2-1: Ball
3-1: SINGLE (Groundball, 34D, EV 108.8 MPH)
Batting: RHB Kieron Clark 0-0: Called Strike
0-1: Ball
1-1: Called Strike
1-2: Ball
2-2: Strikes out swinging
Batting: LHB Omar Marquez 0-0: Ball
1-0: Ball
2-0: Ball
3-0: Base on Balls
Jamie Youngs to second
Batting: LHB Bruce Arvizu 0-0: Ball
1-0: Swinging Strike
1-1: Ball
2-1: Swinging Strike
2-2: Foul Ball, location: 2F
2-2: Foul Ball, location: 2F
2-2: Ball
3-2: Foul Ball, location: 2F
3-2: Base on Balls
Jamie Youngs to third
Omar Marquez to second
Batting: RHB Erik Smith 0-0: Called Strike
0-1: Ball
1-1: SINGLE (Line Drive, 89M, EV 102.5 MPH)
Jamie Youngs scores
Omar Marquez to third
Bruce Arvizu to second
Batting: LHB Bob Govella 0-0: Called Strike
0-1: GRAND SLAM HOME RUN (Flyball, 7D, EV 95.0 MPH), Distance : 377 ft
Pitching: RHP Brad Wren
Batting: RHB Alex Campos 0-0: Ball
1-0: Called Strike
1-1: Ground out 6-3 (Groundball, 6S, EV 78.1 MPH)
Batting: SHB Sean Hill 0-0: Foul Ball, location: 2F
0-1: Swinging Strike
0-2: Ball
1-2: Ball
2-2: SINGLE (Groundball, 6S, EV 68.1 MPH) (infield hit)
Batting: RHB J.R. Roberts Balk!
Sean Hill to second
0-0: Ball
1-0: Foul Ball, location: 2F
1-1: Swinging Strike
1-2: Foul Ball, location: 2F
1-2: Ball
2-2: SINGLE (Groundball, 4S, EV 62.5 MPH) (infield hit)
Sean Hill to third
Batting: RHB Jamie Youngs 0-0: Ball
1-0: Ball
2-0: Ball
3-0: Base on Balls
J.R. Roberts to second
Batting: RHB Kieron Clark 0-0: Ball
1-0: Ball
Wild Pitch!
Sean Hill scores
J.R. Roberts to third
Jamie Youngs to second
2-0: Swinging Strike
2-1: Foul Ball, location: 2F
2-2: SINGLE (Line Drive, 3L, EV 97.5 MPH)
J.R. Roberts scores
Jamie Youngs to third
Batting: LHB Omar Marquez 0-0: Ball
1-0: Ball
2-0: Called Strike
2-1: Foul Ball, location: 2F
2-2: Ball
3-2: Fly out, F8 (Flyball, 8RD, EV 96.9 MPH)
Bottom of the 7th over - 7 runs, 6 hits, 0 errors, 2 left on base; Staten Island 2 - Tri-City 17
TOP OF THE 8TH
Staten Island Yankees batting - Pitching for Tri-City ValleyCats : LHP Ruben Rojas
Pitching: RHP Addick Huiberts
Batting: RHB Jon Pierce 0-0: Ball
1-0: SINGLE (Groundball, 34D, EV 102.5 MPH)
Batting: SHB Tadaaki Kondo 0-0: Called Strike
0-1: Ball
1-1: Ball
2-1: Swinging Strike
2-2: Foul Ball, location: 2F
2-2: Ball
3-2: Strikes out looking
Batting: LHB Mike Schermerhorn 0-0: Swinging Strike
0-1: Ball
1-1: Called Strike
1-2: Foul Ball, location: 2F
1-2: Fielders Choice at 2nd, 6-4 (Groundball, 6, EV 107.5 MPH)
Batting: SHB Adam Slade 0-0: Ball
1-0: Ball
2-0: Swinging Strike
2-1: Called Strike
2-2: Ball
3-2: Base on Balls
Mike Schermerhorn to second
Batting: RHB Matt Thompson 0-0: Ball
1-0: Ground out 6-3 (Groundball, 6S, EV 80.6 MPH)
Top of the 8th over - 0 runs, 1 hit, 0 errors, 2 left on base; Staten Island 2 - Tri-City 17
BOTTOM OF THE 8TH
Tri-City ValleyCats batting - Pitching for Staten Island Yankees : RHP Brad Wren
Batting: LHB Bruce Arvizu 0-0: Swinging Strike
0-1: DOUBLE (Flyball, 8RD, EV 102.5 MPH)
Batting: RHB Erik Smith 0-0: Fly out, F8 (Flyball, 8LD, EV 101.9 MPH)
Batting: LHB Bob Govella 0-0: Called Strike
0-1: Ball
1-1: Ball
2-1: Swinging Strike
2-2: Ground out 5-3 (Groundball, 5, EV 95.6 MPH)
Batting: RHB Alex Campos 0-0: Ball
Wild Pitch!
Bruce Arvizu to third
1-0: Ball
2-0: Called Strike
2-1: Ball
3-1: Base on Balls
Pitching: RHP Alex Blanco
Batting: SHB Sean Hill 0-0: Ball
1-0: Ball
2-0: Ball
3-0: Base on Balls
Alex Campos to second
Batting: RHB J.R. Roberts 0-0: Called Strike
0-1: SINGLE (Groundball, 6MD, EV 93.8 MPH)
Bruce Arvizu scores
Alex Campos to third
Sean Hill to second
Runner from 3rd tries for Home, SAFE, throw by CF to home
Batting: RHB Jamie Youngs 0-0: SINGLE (Groundball, 56D, EV 103.8 MPH)
Sean Hill to third
J.R. Roberts to second
Batting: RHB Kieron Clark 0-0: Ball
1-0: Foul Ball, location: 2F
1-1: Ball
2-1: Swinging Strike
2-2: Foul Ball, location: 2F
2-2: Foul Ball, location: 2F
Balk!
Sean Hill scores
J.R. Roberts to third
Jamie Youngs to second
2-2: Fly out, F8 (Flyball, 89S, EV 88.8 MPH)
Bottom of the 8th over - 3 runs, 3 hits, 0 errors, 2 left on base; Staten Island 2 - Tri-City 20
TOP OF THE 9TH
Staten Island Yankees batting - Pitching for Tri-City ValleyCats : RHP Addick Huiberts
Batting: RHB Jesus Ruiz 0-0: Ball
1-0: SINGLE (Line Drive, 4MD, EV 96.9 MPH)
Batting: RHB Danny Ayala 0-0: Ball
1-0: Swinging Strike
1-1: Ball
2-1: Swinging Strike
2-2: Ball
3-2: Strikes out swinging
Pitching: RHP Ryan Hoagland
Batting: RHB Pat Pemberton 0-0: Called Strike
0-1: Ball
1-1: Foul Ball, location: 2F
1-2: Strikes out swinging
Batting: RHB Edite Leoni 0-0: Ball
1-0: Foul Ball, location: 2F
1-1: Swinging Strike
1-2: Fielders Choice at 2nd, 5-4 (Groundball, 56, EV 106.9 MPH)
Top of the 9th over - 0 runs, 1 hit, 0 errors, 1 left on base; Staten Island 2 - Tri-City 20
Tuesday, March 28th , 2023 - OOTP Baseball 23.10 Build 110